 Dungeon Crawl Stone Soup version 0.23.1 (webtiles) character file.

Game seed: 18271871822295278753

243 Borgoz the Sneak (level 6, -1/48 HPs)
             Began as a Ghoul Enchanter on Mar 4, 2019.
             Slain by a big kobold zombie (2 damage)
             ... in an ossuary.
             The game lasted 00:06:49 (2841 turns).

Borgoz the Sneak (Ghoul Enchanter)                  Turns: 2841, Time: 00:06:50

Health: -1/48      AC:  4    Str: 12    XL:     6   Next: 9%
Magic:  5/8        EV: 12    Int: 10    God:
Gold:   195        SH:  0    Dex: 11    Spells: 3/9 levels left

rFire    . . .     SeeInvis .   h - +0 short sword
rCold    + . .     Gourm    .   (no shield)
rNeg     + + +     Faith    .   i - +1 leather armour
rPois    ∞         Spirit   .   (no helmet)
rElec    .         Reflect  .   (no cloak)
rCorr    .         Harm     .   (no gloves)
MR       .....                  (no boots)
Stlth    ++........             (no amulet)
HPRegen  0.00/turn              (no ring)
MPRegen  0.11/turn              (no ring)

@: marked, rotting
A: rotting body, claws 1, carnivore, cold resistance 1, negative energy
resistance 3, inhibited regeneration, torment resistance, unbreathing
a: no special abilities


You were in an ossuary.
You were not hungry.

You visited 1 branch of the dungeon, and saw 4 of its levels.
You also visited: Ossuary.

You collected 195 gold pieces.

Inventory:

Hand Weapons
 h - a +0 short sword (weapon)
Armour
 i - a +1 leather armour (worn)
Scrolls
 a - a scroll of enchant weapon {unknown}
 b - 4 scrolls of enchant armour
 e - a scroll of remove curse
 f - a scroll of magic mapping {unknown}
Comestibles
 d - 6 rations


   Skills:
 + Level 1.9 Fighting
 * Level 2.7 Short Blades
 * Level 3.1 Dodging
 + Level 4.1 Stealth
 + Level 2.4 Spellcasting
 + Level 2.9 Hexes


You had 3 spell levels left.
You knew the following spells:

 Your Spells              Type           Power        Failure   Level  Hunger
a - Corona                Hex            #......      12%         1    ##.....
b - Ensorcelled Hibernat  Hex/Ice        #.....       32%         2    ###....
c - Confuse               Hex            #.......     34%         3    ####...

Your spell library contained the following spells:

 Spells                   Type           Power        Failure   Level  Hunger
 Tukima's Dance           Hex            #.......     34%         3    ####...
 Flame Tongue             Conj/Fire      #....        36%         1    ##.....
 Throw Flame              Conj/Fire      #.....       50%         2    ###....
 Dazzling Spray           Conj/Hex       #.....       54%         3    ####...
 Inner Flame              Hex/Fire       #.......     54%         3    ####...
 Conjure Flame            Conj/Fire      #.......     75%         3    ####...
 Sticky Flame             Conj/Fire      #.......     98%         4    #####..
 Fireball                 Conj/Fire      #.........   100%        5    ######.


Dungeon Overview and Level Annotations

Branches:
Dungeon (4/15)
 Temple: D:4-7

Altars:
Gozag
Okawaru
Trog

Annotations:
D:3 Grinder


Innate Abilities, Weirdness & Mutations

Your body is rotting away.
You thrive on raw meat.
You are immune to poison.
You have sharp fingernails.
You are carnivorous and can eat meat at any time.
Your flesh is cold resistant. (rC+)
You are immune to negative energy. (rN+++)
You do not regenerate when monsters are visible.
You are immune to unholy pain and torment.
You can survive without breathing.


Message History

The centaur zombie hits you but does no damage.
The hobgoblin zombie hits you but does no damage.
The big kobold zombie fails to trigger a net trap.
The centaur zombie misses you. The centaur zombie hits you.
* * * LOW HITPOINT WARNING * * *
The hobgoblin zombie sets off the alarm!
The alarm trap emits a blaring wail!
The mark upon you grows brighter.
The hobgoblin zombie completely misses you.
The big kobold zombie sets off the alarm!
The alarm trap emits a blaring wail!
The mark upon you grows brighter.
The centaur zombie hits you but does no damage.
The centaur zombie closely misses you.
A mummy comes into view. x2
Found a scroll labeled ECWAEFIAGE and a scroll labeled GUIMED KECUCIW.
You feel a little less agile now. The big kobold zombie hits you.
You die...

##.....##
#.^.....#
##^....##
#.......#
##..Z..##
#.^Z....#
##..Z..##
#.ZZZ...#
##.@..^##
#..^....#
##....^##
..^.^..#
##.^^.^##
#^^^^^#
?..MM.?
?.....?#


You could see 2 mummies, 3 hobgoblin zombies, 2 big kobold zombies and a centaur
zombie.

Vanquished Creatures
  A bullfrog (D:4)
  A hound (D:4)
  An orc wizard (D:4)
  A worker ant (D:4)
  A hound skeleton (D:4)
  2 adders
  An adder skeleton (D:4)
  3 worms (D:2)
  A dart slug (D:3)
  3 leopard geckos (D:2)
  2 bats (D:1)
  3 giant cockroaches
  4 hobgoblins
  3 jackals (D:1)
  8 kobolds
  A quokka (D:4)
  2 ball pythons
  3 frilled lizards
  8 goblins
  A goblin zombie (D:4)
  7 rats
57 creatures vanquished.

Notes
Turn   | Place    | Note
-------+----------+-------------------------------------------
     0 | D:1      | Borgoz the Ghoul Enchanter began the quest for the Orb.
     0 | D:1      | Reached XP level 1. HP: 14/14 MP: 2/2
   170 | D:1      | Reached skill level 1 in Short Blades
   309 | D:1      | Reached XP level 2. HP: 19/22 MP: 1/3
  1027 | D:2      | Reached XP level 3. HP: 27/27 MP: 4/4
  1205 | D:2      | Learned a level 2 spell: Ensorcelled Hibernation
  1521 | D:2      | Reached skill level 1 in Fighting
  1714 | D:2      | Found an opulent altar of Gozag.
  1769 | D:2      | Found an iron altar of Okawaru.
  1783 | D:2      | Reached XP level 4. HP: 31/35 MP: 6/6
  1908 | D:2      | Found a bloodstained altar of Trog.
  2083 | D:2      | Noticed an ice beast
  2212 | D:3      | Noticed Grinder
  2551 | D:4      | Found a sand-covered staircase.
  2616 | D:4      | Learned a level 3 spell: Confuse
  2707 | D:4      | Reached XP level 5. HP: 35/39 MP: 2/7
  2766 | D:4      | Reached skill level 4 in Stealth
  2783 | D:4      | Noticed an ogre
  2793 | D:4      | Reached XP level 6. HP: 12/48 MP: 3/8
  2828 | Ossuary  | Entered an ossuary
  2837 | Ossuary  | HP: 1/48 [centaur zombie (3)]
  2841 | Ossuary  | Slain by a big kobold zombie

Skill      XL: |  1  2  3  4  5 |
---------------+----------------+-----
Short Blades   | 1 2 |  2.7
Dodging        | 2 3 |  3.1
Spellcasting   | 2 |  2.4
Fighting       | 1 |  1.9
Stealth        | 4 |  4.1
Hexes          | |  2.9

Action                   |  1- 3 |  4- 6 || total
-------------------------+-------+-------++-------
Melee: Dagger            |    33 |       ||    33
       Short sword       |   115 |   118 ||   233
 Cast: Corona            |     6 |     5 ||    11
       Ensorcelled Hiber |     1 |     9 ||    10
  Use: Scroll            |       |     6 ||     6
       Potion            |       |     7 ||     7
 Stab: Sleeping          |     5 |     8 ||    13
  Eat: Chunk             |    12 |    10 ||    22
Armor: Robe              |     4 |       ||     4
       Leather armour    |    25 |    29 ||    54
Dodge: Dodged            |    85 |    95 ||   180
